[Event "*** Titled Tuesday Blitz"]
[Site "Chess.com"]
[Date "2020.04.07"]
[Round "3"]
[White "Semen16"]
[Black "SavelijTartakover"]
[Result "0-1"]
[WhiteElo "2403"]
[BlackElo "2626"]
[TimeControl "180+1"]
[EndTime "13:31:30 PDT"]
[Termination "SavelijTartakover won by checkmate"]

1. e4 e6 2. Nf3 d5 3. Nc3 Nf6 4. e5 Nfd7 5. d4 c5 6. dxc5 Nc6 7. Bf4 Nxc5 8. a3 Be7 9. Be2 a6 10. h4 b5 11. h5 h6 12. Nd4 Bb7 13. Rh3 Nxd4 14.
Qxd4 Rc8 15. Rg3 Kf8 16. Rd1 Nd7 17. Kf1 Bc5 18. Qd3 Qh4 19. Bg4 Bb6 20. Kg1 Rc4 21. Qf3 Bc6 22. Rh3 Qxf2+ 23. Qxf2 Bxf2+ 24. Kxf2 Rxf4+ 25. Kg3 Rc4 26. Be2 Rc5 27. Kf2 Bb7 28. Re3 Ke7 29. g4 Rhc8 30. Rd4 Nb6 31. Ke1 Nc4 32.
Bxc4 Rxc4 33. Red3 Bc6 34. Kd2 Be8 35. Ke3 f6 36. exf6+ Kxf6 37. Kd2 Ke5 38. Ke3 Rxd4 39. Rxd4 Rc7 40. Rf4 Rf7 41. Rxf7 Bxf7 42. Ne2 Kf6 43. Nd4 Kg5 44. Kf3 Bg8 45. Nc6 Bh7 46. c3 Be4+ 47.
Kg3 Bb1 48. Nd4 e5 49. Nc6 Kf6 50. Nb8 a5 51. Nc6 a4 52. Nb4 Be4 53. Kf2 Ke6 54. Ke3 Kd6 55. Kd2 Kc5 56. Ke3 Kc4 57. Nc6 Kb3 58.
Na7 Kxb2 59. Nxb5 Kb3 60. Nd6 Kxa3 61. Ne8 Kb3 62. Nxg7 a3 63. Ne6 a2 64. Nc5+ Kc2 65. c4 a1=Q 66. cxd5 Qd4+ 67. Ke2 Qxc5 68. d6 Qc3 69. g5 Qd3+ 70. Kf2 Qxd6 71. Kg1 Qe6 72. g6 Qg4+ 73. Kh2 Bxg6 74. hxg6 Qxg6 75. Kh3 Kd3 76. Kh2 Ke3 77. Kh3 Kf3 78. Kh2 Qg2# 0-1

[Event "*** Titled Tuesday Blitz"]
[Site "Chess.com"]
[Date "2020.04.07"]
[Round "3"]
[White "gmkomarov"]
[Black "HiHaruka"]
[Result "0-1"]
[WhiteElo "2485"]
[BlackElo "2281"]
[TimeControl "180+1"]
[EndTime "13:31:31 PDT"]
[Termination "HiHaruka won on time"]

1. e4 c5 2. Nf3 d6 3. d4 cxd4 4. Nxd4 Nf6 5. Nc3 a6 6. h3 e5 7. Nde2 Be7 8. g4 h6 9. Bg2 b5 10. O-O Bb7 11. Ng3 O-O 12. Nf5 Re8 13. Be3 Bf8 14.
Qd2 Qc7 15. Rad1 Rd8 16. g5 hxg5 17. Bxg5 Nbd7 18. Nd5 Bxd5 19. exd5 Rdc8 20. c3 Qc4 21. Kh1 Ne4 22. Qe3 Nxg5 23. Qxg5 Qf4 24. Nh6+ Kh7 25. Qxf4 exf4 26. Nf5 g6 27. Nd4 Bg7 28. Nc6 Ne5 29.
Rfe1 Re8 30. Be4 f5 31. Bc2 Kh6 32. Nd4 Nc4 33. Ne6 Be5 34. b3 Nb6 35. Kg2 Rac8 36. Rd3 Nxd5 37. Rxd5 Rxe6 38. Bd1 Rf6 39. Bf3 Rxc3 40.
Re2 Rf8 41. h4 Rfc8 42. Red2 Rc2 43. Be2 Rxd2 44. Rxd2 Rc3 45. Bf3 Rc1 46. Bd5 Rc3 47. Bf3 Kg7 48. Bb7 Kh6 49. Bxa6 Kh5 50. Bxb5 Kxh4 51. Be2 g5 52. Rd3 Rxd3 53. Bxd3 g4 54. Bxf5 f3+ 55. Kf1 d5 56. b4 d4 57. b5 Bc7 58. a4 Ba5 59. Bd3 Kg5 60. Bc2 Kf4 61.
Bd3 Ke5 62. Bc4 Ke4 63. Ba2 d3 64. Bb1 Kd4 65. Kg1 d2 66. Bc2 Kc3 67. Bd1 Kb2 0-1

[Event "*** Titled Tuesday Blitz"]
[Site "Chess.com"]
[Date "2020.04.07"]
[Round "3"]
[White "TigrVShlyape"]
[Black "SketchyMoves"]
[Result "1/2-1/2"]
[WhiteElo "2844"]
[BlackElo "2634"]
[TimeControl "180+1"]
[EndTime "13:31:33 PDT"]
[Termination "Game drawn by agreement"]

1. d4 e6 2. Nf3 Nf6 3. Bf4 b6 4. e3 Bb7 5. h3 Be7 6. a4 a6 7. Be2 c5 8. O-O cxd4 9. exd4 O-O 10. Nbd2 d6 11. Bh2 Re8 12. Re1 Nbd7 13. a5 b5 14. c4 bxc4 15. Nxc4 Nf8 16. Nb6 Ra7 17.
b4 Nd5 18. Nxd5 Bxd5 19. b5 axb5 20. Bxb5 Nd7 21. Nd2 Qa8 22. Nc4 Bxc4 23. Bxc4 Rxa5 24. Bb5 Rd8 25. Bf4 Nf6 26. Bd2 Rxa1 27. Qxa1 Qxa1 28. Rxa1 Rb8 29. Bc6 Rc8 30. Ra8 Rxa8 31. Bxa8 Kf8 32. Kf1 Ke8 33. Bc6+ Kd8 34. Ba5+ Kc8 35. Ke2 Bd8 36.
Bb4 Bc7 37. Kd3 Kd8 38. Bd2 h6 39. Bc3 d5 40. Bb4 Ne4 41. f3 Nd6 42. Bxd6 Bxd6 43.
Ke3 Ke7 44. f4 g6 45. g3 h5 46. g4 hxg4 47. hxg4 Kf6 48. Be8 Ke7 49. Bc6 Bc7 50.
f5 Kd6 51. Be8 gxf5 52. gxf5 Ke7 53. Bc6 Bb6 54. fxe6 fxe6 55. Kd3 Kd6 56. Bb5 Ba5 57. Ba4 Bd8 58. Bb5 Bf6 59. Ba4 Bh4 60. Bd1 Bf2 61.
Bg4 Bg1 62. Bh3 Ke7 63. Bg4 Kf6 64. Bh3 Kg5 65. Bxe6 Bxd4 66. Kxd4 Kf4 67. Bf7 Kf5 68.
Bg8 Kf6 69. Bh7 Kg7 70. Bd3 Kf6 71. Be2 Ke7 72. Bd3 Kf6 73. Bc2 Kg5 74. Bb3 Kf4 75.
Ba4 Kg3 76. Bc6 Kf2 77. Bb5 Ke1 78. Bd3 Kd2 79. Bf5 Kc1 80. Kc3 Kd1 81. Kd3 d4 82.
Bg4+ Ke1 83. Bf5 Kf2 84. Be4 Kg3 85. Bd5 Kf4 86. Bc4 Ke5 87. Bb3 Kd6 88. Bc2 Kc5 89. Bd1 Kb4 90. Bf3 Ka3 91. Be4 Kb2 92. Bd5 Kc1 93. Be4 Kd1 1/2-1/2

[Event "*** Titled Tuesday Blitz"]
[Site "Chess.com"]
[Date "2020.04.07"]
[Round "3"]
[White "2nd_life"]
[Black "Kavyev_Ruslan"]
[Result "0-1"]
[WhiteElo "2398"]
[BlackElo "2622"]
[TimeControl "180+1"]
[EndTime "13:31:36 PDT"]
[Termination "Kavyev_Ruslan won on time"]

1. e4 c5 2. Nf3 d6 3. d4 cxd4 4. Nxd4 Nf6 5. Nc3 a6 6. Be3 e5 7. Nb3 Be6 8. Qd2 Nbd7 9. f3 h5 10. Be2 Be7 11. Nd5 Nxd5 12. exd5 Bf5 13. Na5 Qc7 14. c4 Bh4+ 15. g3 Be7 16. b4 e4 17. f4 Bf6 18. Rc1 g6 19. Kf2 Kf8 20. h3 b6 21. Nc6 Nb8 22. Bd4 Bxd4+ 23. Qxd4 Kg8 24. g4 Nxc6 25. dxc6 Be6 26. f5 gxf5 27.
gxf5 Bxf5 28. Rhg1+ Bg6 29. Qf6 Rh7 30. Rcd1 Qxc6 31.
Rxd6 Qc7 32. Qd4 Rf8 33. Ke3 a5 34. c5 axb4 35. cxb6 Qe7 36. Qxb4 Rg7 37. Qd4 Qh4 38. Kd2 Qf4+ 39. Kc3 Rc8+ 40. Kb2 Qh2 41. Rd8+ Rxd8 42. Qxd8+ Kh7 43. Qd4 Qxe2+ 44. Kc3 f5 45. Kb4 Qd3 46. Qxd3 exd3 47. a4 d2 48. Rd1 Rd7 49. Kc3 Rb7 50. a5 f4 51. Rxd2 Rf7 52. Rf2 Be4 53. a6 f3 54. Kd4 Bc6 55. Kc5 Be4 56. Kd4 Ba8 57. Ke3 Kg6 58. Rb2 Bd5 59. Kf2 Rf8 60. b7 Bxb7 61.
Rxb7 Rf6 62. Ra7 Kg5 63. Ra8 Kh4 64. a7 Kxh3 65. Rf8 Rxf8 66. a8=Q Rxa8 67. Kxf3 Rf8+ 0-1

[Event "*** Titled Tuesday Blitz"]
[Site "Chess.com"]
[Date "2020.04.07"]
[Round "3"]
[White "StephenDedalus83"]
[Black "gvanna"]
[Result "1-0"]
[WhiteElo "2733"]
[BlackElo "2452"]
[TimeControl "180+1"]
[EndTime "13:31:43 PDT"]
[Termination "StephenDedalus83 won by resignation"]

1. e4 c5 2. Nf3 g6 3. d4 Bg7 4. dxc5 Qa5+ 5. Nc3 Nf6 6. Bd3 Qxc5 7. O-O O-O 8. Re1 d6 9. h3 Nc6 10. Be3 Qa5 11. Qd2 Re8 12. Bh6 Bh8 13. a3 Be6 14. Ng5 Bd7 15. Qf4 Ne5 16. Qh4 Bc6 17. f4 Qb6+ 18. Qf2 Nxd3 19. cxd3 Nh5 20. Qxb6 axb6 21.
Nf3 b5 22. g4 Nf6 23. f5 Nd7 24. d4 Nb6 25. Rad1 Nc4 26. Bc1 Rec8 27. Na2 Bd7 28. Nb4 e6 29. fxg6 hxg6 30. Kg2 Na5 31. Re2 Nb3 32. Be3 Rc4 33. Kf2 Rac8 34. Nd2 Nxd2 35.
Rexd2 Bf6 36. Kg3 Kf8 37. h4 Ke7 38. Rf1 Bg7 39. Bg5+ f6 40. Be3 Rc1 41. Rdf2 Rxf1 42. Rxf1 Bc6 43. d5 exd5 44. exd5 Bd7 45. Bd4 Rc4 46. Rd1 Kf7 47. b3 Rc8 48. Re1 Bh6 49. Rf1 Bg7 50. g5 f5 51. Bxg7 Kxg7 52. Re1 Kf7 53.
Re3 Ra8 54. Nc2 Rc8 55. Nd4 Rc1 56. Ne2 Ra1 57. b4 Rd1 58. Nf4 Rd4 59. h5 gxh5 60.
g6+ Kf6 61. g7 Kxg7 62. Re7+ Kf6 63. Rxd7 Re4 64. Rxd6+ Kf7 65. Rb6 h4+ 66. Kf3 Rc4 67.
Rxb5 Rc3+ 68. Kf2 Rxa3 69. Rxb7+ Kf6 70. d6 Ke5 71. d7 Ra8 72. Ng6+ Kf6 73. Nxh4 Rd8 74.
Kf3 Ke6 75. Kf4 Rxd7 76. Rxd7 Kxd7 77. Nxf5 Kc6 78. Nd4+ Kd5 79. Nc2 Kc4 80. Ke5 1-0

[Event "*** Titled Tuesday Blitz"]
[Site "Chess.com"]
[Date "2020.04.07"]
[Round "3"]
[White "UmutErdemGunduz"]
[Black "Ellaijio_B"]
[Result "1-0"]
[WhiteElo "2418"]
[BlackElo "2608"]
[TimeControl "180+1"]
[EndTime "13:31:43 PDT"]
[Termination "UmutErdemGunduz won on time"]

1. e4 c5 2. Nf3 e6 3. d4 cxd4 4.
Nxd4 a6 5. c4 Qc7 6. Nc3 Nf6 7.
Be3 d6 8. f3 Be7 9. Qd2 O-O 10.
Be2 b6 11. O-O Bb7 12. Rfc1 Nbd7 13. a4 Rab8 14. a5 bxa5 15. Kh1 Rfc8 16. Bg1 Nc5 17. Ra3 h6 18. Rca1 Nh5 19. Be3 Nf6 20. Rxa5 e5 21.
Rxc5 dxc5 22. Nf5 Rd8 23. Nd5 Nxd5 24. cxd5 Bf8 25. Bc4 Bc8 26. Ng3 Rb4 27. b3 a5 28.
Ne2 Bd7 29. Nc3 Rdb8 30. Qd3 a4 31. bxa4 Qa5 32. Bd2 Rb2 33. Be1 Qd8 34. a5 Qg5 35.
Ne2 Bb5 36. Bxb5 R8xb5 37. a6 c4 38. Qd1 Rb8 39. a7 Ra8 40. Bc3 Rb7 41. f4 exf4 42.
Bd4 Qe7 43. Qc2 Rbxa7 44. Bxa7 Rxa7 45. Rxa7 Qxa7 46. Qxc4 Bc5 47. Qc1 g5 48. e5 Be3 49.
Qd1 Qb7 50. h3 Kf8 51. Nc3 Qb4 52. d6 Qxc3 53. d7 Bb6 54. d8=Q+ Bxd8 55. Qxd8+ Kg7 56.
Qf6+ Kg8 57. Qd8+ Kh7 58. Qf6 Qc4 59. Qf5+ Kg8 60. Qf6 Qe6 61. Qd8+ Kg7 62. Qd4 Kg6 63.
Qe4+ f5 64. Qd4 h5 65. Kg1 Qc6 66. h4 gxh4 67. Qxf4 Qc5+ 68. Kh2 h3 69. Kxh3 Qc2 70. Kh2 Kf7 71. Qg5 Qe2 72. Qxf5+ Ke8 73. Qf6 h4 74. e6 Qh5 75. e7 1-0

[Event "*** Titled Tuesday Blitz"]
[Site "Chess.com"]
[Date "2020.04.07"]
[Round "3"]
[White "Neimar24"]
[Black "GuerrieroFromLevant"]
[Result "0-1"]
[WhiteElo "2538"]
[BlackElo "2319"]
[TimeControl "180+1"]
[EndTime "13:31:52 PDT"]
[Termination "GuerrieroFromLevant won on time"]

1. e4 e6 2. d4 d5 3. Nc3 Nf6 4.
Bg5 dxe4 5. Nxe4 Nbd7 6. Nxf6+ Nxf6 7. Nf3 Be7 8. Bd3 h6 9. Be3 Nd5 10. O-O O-O 11. c4 Nxe3 12. fxe3 Bf6 13. Qc2 Bd7 14. Rad1 Bc6 15. Bh7+ Kh8 16. Be4 Qe8 17. b3 Rd8 18. a4 b6 19. h3 Bd7 20. Qe2 e5 21. d5 g6 22. c5 Bg7 23. d6 cxd6 24. cxd6 f5 25. Bb1 Be6 26. Bc2 Qc6 27. Rd2 Rxd6 28. Rfd1 Rfd8 29. Rxd6 Rxd6 30. Rxd6 Qxd6 31. Qd2 Qxd2 32.
Nxd2 e4 33. Nc4 Kg8 34. Kf2 Kf8 35. Nd6 Ke7 36. Nb5 a5 37. Nc7 Kd7 38. Nxe6 Kxe6 39. Ke2 Bc3 40. Kd1 Ke5 41. Kc1 g5 42. Kd1 f4 43. Ke2 Bb4 44. Bb1 Bc5 45. exf4+ gxf4 46. Bc2 h5 47. Bb1 h4 48. Bc2 Kd4 49. Bb1 Be7 50.
Bc2 e3 51. Kf3 Kc3 52. Bd1 Bd6 53. Ke2 Be5 54. Kf3 Kd2 55. Be2 Ke1 56. Bc4 Bd6 57.
Bd3 Kd2 58. Bc4 Kc3 59. Bd5 Kb4 60. Bc4 Kc5 61. Be6 b5 62. axb5 Kxb5 63. Bc4+ Kb4 64.
Be6 Kc3 65. Bd5 Kd4 66. Be6 Kd3 67. Bc4+ Kd2 68. Be2 Kc3 69. Bd1 Bc7 70. Ke2 Be5 71. Kf3 Bb8 72. Ke2 f3+ 73. Kxf3 Kd2 74. Be2 Bc7 75.
Bc4 Bb6 76. Be2 Kc3 77. Bc4 a4 78. bxa4 Kxc4 79. Ke2 Kd4 0-1

[Event "*** Titled Tuesday Blitz"]
[Site "Chess.com"]
[Date "2020.04.07"]
[Round "3"]
[White "VSERGUEI"]
[Black "DishonorOnYourCow"]
[Result "1-0"]
[WhiteElo "2600"]
[BlackElo "2335"]
[TimeControl "180+1"]
[EndTime "13:31:54 PDT"]
[Termination "VSERGUEI won by resignation"]

1. d4 Nf6 2. c4 g6 3. Nc3 d5 4. Nf3 Bg7 5. Bg5 Ne4 6. cxd5 Nxg5 7. Nxg5 e6 8. Qd2 h6 9. Nf3 exd5 10. e3 O-O 11. b4 c6 12. Be2 Nd7 13. O-O b5 14. a4 bxa4 15. b5 cxb5 16. Bxb5 Nb6 17. Nxa4 Bg4 18. Ne5 Bxe5 19. dxe5 Nc4 20. Qd4 Be6 21. Nc5 Qb6 22. Nxe6 Qxe6 23. Ra6 Qxe5 24. Bc6 Rad8 25. Rxa7 Qxd4 26. exd4 Nd6 27. Bxd5 Nf5 28.
Ba2 Rxd4 29. g3 Re4 30. Rd1 Re7 31. Ra6 Kg7 32. h4 h5 33. Bb1 Nh6 34. Kg2 Ng4 35. Rd2 Rb8 36. Ba2 Rb4 37. Ra8 Reb7 38. Bd5 Rb2 39. Ra2 Rxa2 40. Rxa2 Rd7 41. Bf3 Nf6 42. Ra6 Re7 43. Bd1 Ne4 44. Bc2 Nf6 45. Ra4 Rc7 46.
Bb3 Re7 47. Rb4 Ng4 48. Bc4 Ne5 49. Be2 Nc6 50. Rb2 Nd4 51. Bd1 Nf5 52. Rb5 Nh6 53. Ra5 Ng8 54. Bb3 Nf6 55. Ra2 Ng4 56. Bd1 Nf6 57. Rd2 Rc7 58. f3 Rd7 59. Rxd7 Nxd7 60. g4 Kf6 61. gxh5 gxh5 62. f4 Kf5 63. Kg3 Nf6 64. Bc2+ Ke6 65. Kf3 Kd5 66. Bb3+ Kd4 67. Bxf7 Ng4 68. Bxh5 Nf6 69. Bf7 Kc5 70. f5 Kd6 71. Kf4 Ke7 72. Be6 Kf8 73. Bc4 Kg7 74. Be2 Nd5+ 75. Kg5 Nf6 76. Bf3 Nh7+ 77. Kf4 Nf6 78. h5 Kh6 79. Ke5 Kg7 80. h6+ Kf7 81.
Bd5+ Ke7 82. Ba2 Nd7+ 83. Kf4 Nf6 84. Kg5 Ne4+ 85. Kg6 Nf6 86. h7 Nxh7 87. Kxh7 Kf6 88. Bb1 Kg5 89. Kg7 1-0

[Event "*** Titled Tuesday Blitz"]
[Site "Chess.com"]
[Date "2020.04.07"]
[Round "3"]
[White "garfield_pg"]
[Black "Rodalquilar"]
[Result "1/2-1/2"]
[WhiteElo "2232"]
[BlackElo "2621"]
[TimeControl "180+1"]
[EndTime "13:31:56 PDT"]
[Termination "Game drawn - insufficient material"]

1. e4 d5 2. d4 dxe4 3. Nc3 e5 4.
dxe5 Qxd1+ 5. Nxd1 Nc6 6. Bb5 Bd7 7. Nc3 Nxe5 8. Bxd7+ Nxd7 9. Nxe4 O-O-O 10. Be3 Ngf6 11. Nxf6 Nxf6 12. Rd1 Nd5 13. Nf3 Bb4+ 14. c3 Nxe3 15. Rxd8+ Rxd8 16. fxe3 Bc5 17. Kf2 a5 18. a4 Re8 19.
Re1 c6 20. Nd4 Kc7 21. Kf3 g6 22. g4 Bxd4 23. cxd4 Kd6 24. e4 f6 25. Rc1 Rb8 26.
h4 b5 27. Rc5 bxa4 28. Rxa5 Rb3+ 29. Kf4 Rb4 30. Ke3 Rb3+ 31. Kf4 Rb4 32. Ke3 h6 33. h5 g5 34. e5+ fxe5 35. dxe5+ Ke6 36. Rc5 Rxg4 37.
Rxc6+ Kxe5 38. Rxh6 Rg3+ 39. Kf2 Rb3 40. Ra6 Rxb2+ 41.
Kg3 Kf5 42. Ra5+ Kf6 43. Rxa4 Rb1 44. Ra6+ Kf5 45. Ra5+ Kf6 46. Ra6+ Kf7 47. Ra5 Rg1+ 48. Kh2 Rg4 49. Kh3 Rh4+ 50. Kg3 Rxh5 51. Kg4 Rh1 52. Rxg5 Ke6 53. Rh5 Rg1+ 54. Kf3 Kf6 55. Kf2 Rg4 56. Ra5 Rb4 57. Ke3 Rb3+ 58. Kd4 Rb8 59. Kc3 Rc8+ 60. Kd4 Rh8 61. Kc3 Rh2 62. Kc4 Ke6 63.
Kd4 Rh4+ 64. Kc3 Rg4 65. Kd3 Kd6 66. Kc3 Kc6 67. Kd3 Kb6 68. Rh5 Rg3+ 69. Ke4 Rg8 70. Kf3 Rf8+ 71. Kg4 Rc8 72. Rg5 Rc7 73. Kf4 Rc4+ 74.
Kf5 Rc5+ 75. Kf4 Rxg5 76. Kxg5 1/2-1/2

[Event "*** Titled Tuesday Blitz"]
[Site "Chess.com"]
[Date "2020.04.07"]
[Round "3"]
[White "Oneofmyturns"]
[Black "varacalli"]
[Result "1-0"]
[WhiteElo "2606"]
[BlackElo "2375"]
[TimeControl "180+1"]
[EndTime "13:32:00 PDT"]
[Termination "Oneofmyturns won by resignation"]

1. d4 Nf6 2. c4 g6 3. Nc3 Bg7 4. e4 d6 5. h3 c6 6. Be3 a6 7. a4 a5 8. g4 Na6 9. Bg2 Nd7 10. Nge2 e5 11. d5 Ndc5 12. Ng3 Nb4 13. O-O Ncd3 14. Qd2 c5 15. Nb5 O-O 16. Rfb1 Qe7 17. Ra3 Nf4 18. Bxf4 exf4 19. Qxf4 Be5 20. Qd2 g5 21. Rf3 f6 22. Nc3 Bd7 23. b3 Rae8 24. Nd1 Bf4 25. Ne3 Qf7 26. Qe2 Qg6 27. Nef5 Bxf5 28.
Nxf5 Be5 29. Re3 Na6 30. Rd3 b6 31. Rf1 Nb8 32. Qd1 Nd7 33. Rf3 h5 34. Rd3 h4 35.
Re1 Rf7 36. Qc2 Nf8 37. Bf3 Rd7 38. Ne3 Qh7 39. Ng2 Ng6 40. Bd1 Nf4 41. Nxf4 Bxf4 42. Rf3 Qe7 43. Qd3 Qe5 44. Bc2 Rde7 45. Kg2 Kg7 46. Re2 Rf7 47. Qd1 Rg8 48. Rd3 Kh6 49. Bb1 Rgg7 50. Rc2 Qe7 51. Qe2 Be5 52. Rf3 Bf4 53.
Rcc3 Qe5 54. Rcd3 Kh7 55. Bc2 Re7 56. Rc3 Rg8 57. Bb1 Rge8 58. Qc2 Kg7 59. Rxf4 gxf4 60. Rf3 Kf8 61. Qd2 Qg5 62. Rxf4 Re5 63. Qe3 Ke7 64. Qf3 Rf8 65. Kf1 Kd7 66. Ke2 Rf7 67.
Bc2 Rfe7 68. Kd1 f5 69. Rxf5 Qg7 70. Rf6 Kc7 71. Bd3 Qg5 72. Kc2 Qg7 73. Qf4 Qh8 74. f3 Qg7 75. Rf8 Re8 76. Rf7+ Qxf7 77. Qxf7+ R8e7 78. Qf6 Rf7 79. Qxf7+ 1-0

[Event "*** Titled Tuesday Blitz"]
[Site "Chess.com"]
[Date "2020.04.07"]
[Round "3"]
[White "Rud_Makarian"]
[Black "gmcorrales"]
[Result "1/2-1/2"]
[WhiteElo "2603"]
[BlackElo "2820"]
[TimeControl "180+1"]
[EndTime "13:32:05 PDT"]
[Termination "Game drawn by 50-move rule"]

1. d4 Nf6 2. c4 g6 3. Nc3 d5 4.
Bf4 Bg7 5. e3 O-O 6. Rc1 c6 7.
Nf3 Be6 8. cxd5 Nxd5 9. Nxd5 Bxd5 10. a3 Qb6 11. Qc2 Nd7 12. Be2 Bxf3 13. Bxf3 e5 14. dxe5 Nxe5 15. Be2 Nd7 16. Rb1 a5 17. O-O Nf6 18.
Rfd1 Rfd8 19. Bc4 Nh5 20. Bg5 Rxd1+ 21. Rxd1 Bf6 22. Bh6 Rd8 23. b3 Be7 24. Rxd8+ Qxd8 25. g3 Nf6 26. a4 Ng4 27. Bf4 Bf6 28. h3 Ne5 29. Bxe5 Bxe5 30. Kg2 Kg7 31. Qe4 Bf6 32. Qc2 Qd7 33. f4 b5 34. Be2 bxa4 35. bxa4 c5 36. e4 Bd4 37. Bc4 Qb7 38. Kf3 Qb4 39. e5 Qe1 40.
Qe2 Qh1+ 41. Qg2 Qc1 42. Qe2 Qh1+ 43. Qg2 Qd1+ 44. Qe2 Qxa4 45. e6 Qc6+ 46. Qe4 Qxe4+ 47. Kxe4 fxe6 48. Bxe6 a4 49. Bc4 a3 50. g4 h5 51. f5 h4 52. fxg6 Kxg6 53. Kf3 Kg5 54. Ke4 Kf6 55. Kf4 Be5+ 56. Ke4 Bg3 57. Ba2 Ke7 58.
Bc4 Kd6 59. Ba2 Be5 60. Kf5 Bh8 61. Ke4 Kc6 62. Kd3 Kd6 63. Ke4 Bg7 64. Bb3 Kc6 65. Kd3 Kb5 66. Ba2 Kb4 67. Be6 Bf6 68. Ba2 Bg5 69.
Be6 Ka5 70. Ba2 Kb6 71. Ke4 Kc6 72. Bd5+ Kd6 73. Ba2 Bf6 74. Bb3 Be7 75. Ba2 Bd8 76.
Bb3 Kc6 77. Ba2 Kb5 78. Kd3 Kb4 79. Be6 Bg5 80. Ba2 Bf4 81. Bc4 Bc1 82. Ba2 Bb2 83. Bc4 Bh8 84. Ba2 Kb5 85. Bc4+ Kb6 86. Ke4 Kc6 87.
Ba2 Kd6 88. Bc4 Bg7 89. Ba2 Ke7 90. Bc4 Kf6 91. Ba2 Kg5 92. Bc4 Bd4 93. Ba2 Kg6 94. Bc4 Kf6 95. Ba2 Ke7 96. Bc4 Kd6 97. Ba2 Kc6 98.
Kd3 Bf6 99. Ke4 Kb5 100. Kd3 Kb4 101. Bc4 Bg7 102. Ba2 Bf8 1/2-1/2

[Event "*** Titled Tuesday Blitz"]
[Site "Chess.com"]
[Date "2020.04.07"]
[Round "3"]
[White "Antipov_Mikhail_Al"]
[Black "SahaNeelash"]
[Result "1-0"]
[WhiteElo "2948"]
[BlackElo "2489"]
[TimeControl "180+1"]
[EndTime "13:32:06 PDT"]
[Termination "Antipov_Mikhail_Al won by resignation"]

1. e4 c5 2. Nf3 d6 3. d4 cxd4 4.
Nxd4 Nf6 5. f3 e5 6. Nb3 Be6 7.
c4 Nbd7 8. Be3 Be7 9. Nc3 h5 10. Be2 a6 11. O-O O-O 12. Rc1 Rc8 13. Nd5 Bxd5 14. cxd5 Rxc1 15. Qxc1 Qb8 16. Qd2 Rc8 17. Rc1 Rxc1+ 18. Qxc1 Bd8 19. Kh1 Qc7 20. Qxc7 Bxc7 21.
g3 Kf8 22. Kg2 Ke7 23. h4 Kd8 24. Bd2 Bb6 25. Na5 Kc7 26. Nc4 Bc5 27. Ba5+ b6 28. Bd2 Nb8 29. Bd3 Nfd7 30. g4 Nf6 31. g5 Nfd7 32. b4 Bd4 33. a4 Nf8 34. Ne3 Bxe3 35.
Bxe3 Ng6 36. Kg3 Kb7 37. Be2 Nd7 38. Bd2 Ka7 39. Bf1 Kb7 40. Bc1 Nb8 41. Be3 Nd7 42. Bh3 Ndf8 43. Bd2 Kc7 44. Be3 Kb7 45. a5 bxa5 46. bxa5 Ne7 47. Bb6 Nc8 48. Bd8 Ng6 49. Bd7 Na7 50. Be8 Nh8 51. Bb6 Nb5 52. Bc6+ Kc8 53.
Be8 Nc7 54. Bc6 Nb5 55. Be3 Nc7 56. Bd2 Ng6 57. Bb4 Ne7 58. Bxd6 Nxc6 59. dxc6 Nb5 60. Bxe5 g6 61. f4 Na7 62. f5 Nxc6 63. Bc3 Kd7 64. Kf4 Kd6 65. e5+ Ke7 66. Ke4 Kd7 67. e6+ Ke7 68.
fxg6 fxg6 69. Kd5 Nd8 70. Bf6+ Ke8 71. Bxd8 Kxd8 72. Kd6 1-0

[Event "*** Titled Tuesday Blitz"]
[Site "Chess.com"]
[Date "2020.04.07"]
[Round "3"]
[White "Skatchkov_V"]
[Black "Ceejay271"]
[Result "0-1"]
[WhiteElo "2536"]
[BlackElo "2310"]
[TimeControl "180+1"]
[EndTime "13:32:17 PDT"]
[Termination "Ceejay271 won by checkmate"]

1. d4 Nf6 2. c4 e6 3. Nf3 d5 4. g3 Bb4+ 5. Bd2 Be7 6. Bg2 O-O 7. Qc2 Nbd7 8. O-O Ne4 9. Bf4 c6 10. h4 f5 11. Nc3 h6 12. Ne5 Ndf6 13. Ng6 Re8 14. Rad1 Kh7 15. Nxe7 Qxe7 16. Nxe4 Nxe4 17. f3 Nd6 18. c5 Nf7 19. e4 Bd7 20. Rde1 Qf8 21. exf5 exf5 22. Bh3 g6 23. h5 Ng5 24. hxg6+ Kxg6 25. Bg2 Rxe1 26. Rxe1 Re8 27. Be5 Nf7 28. f4 Nxe5 29. fxe5 Kg7 30. Rf1 Qf7 31. Rf4 Qg6 32. Kf2 Kh7 33. Qb3 Bc8 34. Qf3 Rf8 35. Qa3 a6 36. Qf3 Rf7 37. Bf1 Kg7 38. Bd3 Qg5 39. Ke1 Be6 40. Kd1 Kf8 41. Kc2 Ke7 42. Kb3 h5 43. Kb4 Kd7 44. Kc3 Kc7 45. Kc2 Kb8 46. Rh4 Rh7 47. Be2 Bf7 48. Rf4 Be6 49. Qe3 Ka8 50. Qf3 Kb8 51. Rh4 Bf7 52. Qf4 Qxf4 53. Rxf4 Be6 54. Kd2 Kc7 55. Ke3 Kd7 56. Kf2 Ke7 57. Rh4 Bf7 58. Ke3 Rg7 59. Kf4 Ke6 60. Bxh5 Bxh5 61. Rxh5 Rg4+ 62. Ke3 Rxg3+ 63. Kf2 Rg7 64.
Rh6+ Ke7 65. Rf6 Rg4 66. Rxf5 Rxd4 67. Rg5 Rd2+ 68. Ke3 Rxb2 69. Kf4 Rf2+ 70. Ke3 Rxa2 71. Rg7+ Ke6 72. Kd4 Ra4+ 73. Ke3 Kxe5 74. Rxb7 Rc4 75.
Re7+ Kf6 76. Ra7 Rxc5 77. Rxa6 Ke5 78. Kd2 Rc4 79. Ra8 c5 80. Rh8 Rf4 81. Rh5+ Kd4 82.
Rh8 Rf2+ 83. Kd1 Rf4 84. Rh3 c4 85. Rg3 c3 86. Kc2 Rf2+ 87. Kd1 Kc4 88. Rg8 d4 89. Kc1 Rf3 90. Kc2 d3+ 91. Kc1 Rf1# 0-1

[Event "*** Titled Tuesday Blitz"]
[Site "Chess.com"]
[Date "2020.04.07"]
[Round "3"]
[White "nickmatta"]
[Black "Vamostodorecto"]
[Result "1/2-1/2"]
[WhiteElo "2236"]
[BlackElo "2409"]
[TimeControl "180+1"]
[EndTime "13:33:11 PDT"]
[Termination "Game drawn by stalemate"]

1. d4 d5 2. c4 c6 3. Nf3 dxc4 4. Nc3 b5 5. a4 a6 6. axb5 cxb5 7. Nxb5 axb5 8.
Rxa8 Bb7 9. Ra1 e6 10. e3 Nf6 11. Be2 Bd6 12. O-O O-O 13. Bd2 Qc7 14. h3 Nc6 15. b3 e5 16. bxc4 bxc4 17. dxe5 Nxe5 18. Ba5 Qc6 19. Qa4 Qc8 20. Nxe5 Bxe5 21. Rac1 Qa8 22.
Qb5 Bxg2 23. Qxe5 Bxh3 24. f3 Re8 25. Qc5 Bxf1 26. Kxf1 Ng4 27. Bd2 Ne5 28. e4 Qd8 29.
Bf4 Nd3 30. Bxd3 cxd3 31. Qe3 f5 32. e5 Qh4 33. Qxd3 Qxf4 34. Qc4+ Qxc4+ 35. Rxc4 Rxe5 36. Kf2 Kf7 37. Kg3 Kg6 38. Rc6+ Kf7 39. Kf4 Ra5 40. Rc7+ Kf6 41. Rc6+ Kf7 42. Rc7+ Kg6 43. Rc6+ Kh5 44. Rc7 Kh6 45. Rc6+ g6 46. Rc7 Ra4+ 47. Kg3 Rb4 48. Rd7 f4+ 49. Kg4 Rc4 50. Ra7 Rc5 51. Kxf4 Rf5+ 52. Kg4 Rf8 53. f4 Rg8 54.
Rb7 Rg7 55. Rb3 Rf7 56. Rh3+ Kg7 57. Rb3 h5+ 58. Kg3 Kh6 59. Rb6 Rf5 60. Rc6 Rb5 61. Kh4 Rb4 62. Rf6 Rc4 63. Rf8 Kg7 64. Rb8 Kf6 65.
Kg3 Rc3+ 66. Kf2 Rc6 67. Rb4 Kf5 68. Kf3 Rc3+ 69. Kg2 Ra3 70. Rc4 Kg4 71. f5+ Kxf5 72. Rc5+ Kf6 73. Rc6+ Kg5 74. Rc5+ Kh6 75. Rb5 Ra4 76.
Kg3 Rg4+ 77. Kh3 Rg5 78. Rb8 Rf5 79. Kh4 Rf4+ 80. Kg3 Kg5 81. Kh3 Kf5 82. Rb5+ Kf6 83. Rb6+ Kg5 84. Kg3 Rf5 85. Kh3 Re5 86. Kg3 Re3+ 87.
Kf2 Ra3 88. Rb5+ Kh4 89. Kg2 g5 90. Rb8 g4 91. Rb2 Rf3 92. Rd2 Kg5 93. Rd5+ Rf5 94. Rd2 h4 95. Rb2 h3+ 96. Kg3 Rf3+ 97. Kh2 Kh4 98.
Rb4 Rf2+ 99. Kg1 Kg3 100. Rxg4+ Kxg4 101. Kxf2 Kf4 102. Kg1 Kg3 103. Kh1 h2 1/2-1/2

[Event "*** Titled Tuesday Blitz"]
[Site "Chess.com"]
[Date "2020.04.07"]
[Round "4"]
[White "StarkAst"]
[Black "Rubinstein_Akiba"]
[Result "1-0"]
[WhiteElo "2595"]
[BlackElo "2355"]
[TimeControl "180+1"]
[EndTime "13:35:12 PDT"]
[Termination "StarkAst won by resignation"]

1. e4 c5 2. Nc3 Nc6 3. Nf3 e5 4. Bc4 Be7 5. O-O Nf6 6. Ng5 O-O 7.
f4 d5 8. exd5 exf4 9. Rxf4 Nxd5 10. Nxf7 Qc7 11. Nxd5 Qa5 12. Nxe7+ Nxe7 13. Nh6+ 1-0

[Event "*** Titled Tuesday Blitz"]
[Site "Chess.com"]
[Date "2020.04.07"]
[Round "4"]
[White "Obito24"]
[Black "HElissalt"]
[Result "1-0"]
[WhiteElo "2736"]
[BlackElo "2074"]
[TimeControl "180+1"]
[EndTime "13:35:15 PDT"]
[Termination "Obito24 won by resignation"]

1. d4 d5 2. c4 e6 3. Nc3 Bb4 4. Nf3 Nf6 5. Bg5 Nbd7 6. e3 c5 7. cxd5 exd5 8. Bd3 Qa5 9. Qc2 c4 10. Bf5 O-O 11. O-O Qa6 12. Bxd7 Bxd7 13. Bxf6 1-0

[Event "*** Titled Tuesday Blitz"]
[Site "Chess.com"]
[Date "2020.04.07"]
[Round "4"]
[White "MacDaddyMac"]
[Black "RobertoRochaMAO"]
[Result "1-0"]
[WhiteElo "2300"]
[BlackElo "1991"]
[TimeControl "180+1"]
[EndTime "13:36:07 PDT"]
[Termination "MacDaddyMac won by resignation"]

1. e4 c5 2. Nc3 Nc6 3. f4 g6 4.
Nf3 Bg7 5. Bb5 d6 6. O-O Bd7 7.
d3 a6 8. Bxc6 Bxc6 9. Qe1 Nf6 10. Qh4 e6 11. f5 exf5 12. exf5 Bxf3 13. Rxf3 O-O 14. Bg5 b5 15. Ne4 c4 16. Nxf6+ 1-0

[Event "*** Titled Tuesday Blitz"]
[Site "Chess.com"]
[Date "2020.04.07"]
[Round "4"]
[White "tomozupan"]
[Black "Bambi2006"]
[Result "0-1"]
[WhiteElo "2259"]
[BlackElo "2485"]
[TimeControl "180+1"]
[EndTime "13:36:13 PDT"]
[Termination "Bambi2006 won by resignation"]

1. d4 Nf6 2. Bg5 d5 3. Bxf6 exf6 4. e3 Bd6 5. c4 dxc4 6. Bxc4 Nd7 7. Nc3 c6 8. Qh5 O-O 9. Nf3 Nb6 10. Bd3 g6 11.
Qh4 h5 12. h3 Kg7 13. g4 g5 0-1